 Dungeon Crawl Stone Soup version 0.28.0-53-g5a82cb258f (webtiles) character file.

Game seed: 10353358803090214367

67 issech the Chopper (level 4, 0/40 HPs)
             Began as a Minotaur Monk on May 28, 2022.
             Slain by Terence
             ... wielding a +0 flail
              (9 damage)
             ... on level 2 of the Dungeon.
             The game lasted 00:03:40 (2104 turns).

issech the Chopper (Minotaur Monk)                  Turns: 2104, Time: 00:03:40

Health: 0/40       AC:  7    Str: 15    XL:     4   Next: 0%
Magic:  3/3        EV: 10    Int:  7    God:
Gold:   58         SH:  0    Dex: 15    Spells: 3/3 levels left

rFire   . . .      SeeInvis .   a - +0 hand axe
rCold   . . .      Faith    .   (no shield)
rNeg    . . .      Spirit   .   o - +0 scale mail
rPois   .          Reflect  .   (helmet restricted)
rElec   .          Harm     .   g - +0 cloak
rCorr   +          Rampage  .   (no gloves)
Will    .....                   (no boots)
Stlth   +.........              (no amulet)
HPRegen 0.13/turn               k - ring of resist corrosion
MPRegen 0.08/turn               (no ring)

@: no status effects
A: horns 2, retaliatory headbutt
a: no special abilities


You were on level 2 of the Dungeon.
You visited 1 branch of the dungeon, and saw 2 of its levels.

You collected 58 gold pieces.

Inventory:

Hand Weapons
 a - a +0 hand axe (weapon)
 c - a +0 hunting sling
Missiles
 f - 12 bolts
 i - 6 poisoned darts (quivered)
 j - 9 sling bullets
 l - 28 stones
 r - 24 arrows
Armour
 b - a +0 robe
 g - a +0 cloak (worn)
 o - a +0 scale mail (worn)
Jewellery
 k - a ring of resist corrosion (left hand)
 p - a ring of ice
Scrolls
 d - a scroll of teleportation {unknown}
 e - a scroll of immolation {unknown}
 h - a scroll of identify {unknown}
 m - 2 scrolls of enchant armour {unknown}
 n - a scroll of acquirement {unknown}
Potions
 q - a potion of heal wounds {unknown}


   Skills:
 + Level 4.2 Fighting
 + Level 4.6 Axes
 + Level 0.2 Armour
 + Level 3.9 Dodging
 + Level 1.9 Stealth


You had 3 spell levels left.
You didn't know any spells.
Your spell library contained the following spells:

 Spells                   Type           Power      Damage    Failure   Level
 Petrify                  Tmut/Erth      0%         N/A       100%        4
 Metabolic Englaciation   Hex/Ice        0%         N/A       100%        5
 Statue Form              Tmut/Erth      0%         N/A       100%        6


Dungeon Overview and Level Annotations

Branches:
Dungeon (2/15)

Altars:

Annotations:
D:2 Terence


Innate Abilities, Weirdness & Mutations

You have a pair of horns on your head.
You reflexively headbutt those who attack you in melee.


Message History

Found a hunting sling.
Found a whip.
You see here a +0 hunting sling.
Okay, then.
You see here a +0 hunting sling.
Terence the Incautious comes into view.
He is wielding a +0 flail.
Terence shouts!
You closely miss Terence. Terence hits you with a +0 flail.
You barely miss Terence. Terence barely misses you.
You hit Terence but do no damage. You headbutt Terence.
Terence is lightly wounded.
Terence hits you with a +0 flail.
An endoplasm comes into view.
You hit Terence but do no damage.
Terence is lightly wounded.
Terence hits you with a +0 flail.
You hit Terence but do no damage.
Terence is lightly wounded.
Terence hits you but does no damage.
You hit Terence but do no damage. You headbutt Terence.
Terence is lightly wounded.
Terence hits you with a +0 flail.
You barely miss Terence. You headbutt Terence.
Terence is moderately wounded.
Terence hits you with a +0 flail!
You hit Terence.
Terence is heavily wounded.
Terence hits you with a +0 flail.
* * * LOW HITPOINT WARNING * * *
Terence closely misses you.
You hit Terence but do no damage.
Terence is heavily wounded.
Terence barely misses you.
You hit Terence. Your headbutt misses Terence.
Terence is heavily wounded.
Terence hits you but does no damage.
You barely miss Terence. You headbutt Terence, but do no damage.
Terence is heavily wounded.
Terence hits you with a +0 flail!
You die...

######## #..# #
.......# #.. ...
#..# # ######.# #..
... #..# # #.# ...
.. #..# # #.# .....
#..# # #.# #.#.
#..######### #.#
..J #...........
#.#
#@#######.PP..#####
#.# #.@...........#
######.#
#########..P#.#
.......# ##..#.#
######.# #..#.# ###
#.#..# #...## ####


You could see Terence and an endoplasm.

Vanquished Creatures
  2 adders (D:2)
  A worm (D:2)
  A dart slug (D:1)
  5 endoplasms
  2 giant cockroaches
  4 hobgoblins
  4 jackals (D:1)
  3 quokkas
  4 ball pythons
  4 bats
  2 frilled lizards (D:2)
  5 goblins
  3 kobolds
  2 rats
42 creatures vanquished.

Vanquished Creatures (others)
  A plant (D:2)
1 creature vanquished.

Grand Total: 43 creatures vanquished

Notes
Turn   | Place    | Note
-------+----------+-------------------------------------------
     0 | D:1      | issech the Minotaur Monk began the quest for the Orb.
     0 | D:1      | Reached XP level 1. HP: 19/19 MP: 0/0
   133 | D:1      | Reached XP level 2. HP: 27/27 MP: 1/1
   411 | D:1      | Found a faded altar of an unknown god.
   890 | D:1      | Reached XP level 3. HP: 33/33 MP: 2/2
  1830 | D:2      | Reached XP level 4. HP: 31/40 MP: 3/3
  2092 | D:2      | Noticed Terence
  2104 | D:2      | Slain by Terence

Illustrated notes

Levels and vault maps discovered:
D:1:      giann_horns, layout_basic, basic_ecumenical_altar
D:2:      minmay_evil_eye, layout_basic, serial_forest,
          infiniplex_forest_corner_1, infiniplex_forest_corner_2,
          infiniplex_forest_join, infiniplex_forest_clump_small,
          infiniplex_forest_clump_tiny, infiniplex_forest_end_2,
          infiniplex_forest_corner_2, infiniplex_forest_clump_tiny, basic_altar,
          minmay_misc_feat_x, uniq_terence

Skill      XL: |  1  2 |
---------------+-------+-----
Axes           | 4 |  4.6
Fighting       | 4 |  4.2
Armour         | |  0.2
Dodging        | |  3.9
Stealth        | |  1.9

Action                   |  1- 3 |  4- 6 || total
-------------------------+-------+-------++-------
Melee: Hand axe          |    90 |    11 ||   101
       Headbutt          |    12 |     4 ||    16
       Punch             |     2 |       ||     2
 Stab: Sleeping          |     2 |       ||     2
Armor: Robe              |    17 |       ||    17
       Scale mail        |    17 |     2 ||    19
Dodge: Dodged            |    70 |     3 ||    73
